[Event "ICC Open 2015"]
[Site "Internet Chess Club"]
[Date "2015.05.30"]
[Round "4"]
[White "Estocolmov"]
[Black "Doondoon"]
[Result "1-0"]
[ICCResult "Black forfeits on time"]
[WhiteElo "2249"]
[BlackElo "1783"]
[Opening "Trompowsky attack (Ruth, Opocenský opening)"]
[ECO "A45"]
[NIC "QP.07"]
[Time "14:39:32"]
[TimeControl "180+0"]

1. d4 Nf6 2. Bg5 e6 3. e4 Be7 4. Bxf6 Bxf6 5. Nf3 d5 6. e5 Be7 7. Bd3 c5 8.
c3 Qb6 9. Qe2 Nc6 10. O-O cxd4 11. cxd4 Nxd4 12. Nxd4 Qxd4 13. Bb5+ Bd7 14.
Bxd7+ Kxd7 15. Nc3 a6 16. Rfd1 Qb6 17. a3 Rac8 18. Rac1 Rhd8 19. Rc2 Ke8 20.
Rcd2 Kf8 21. Qh5 Kg8 22. h3 Qc7 23. Kh1 Bxa3 24. Nxd5 Rxd5 25. Rxd5 exd5 26.
bxa3 Qc5 27. Qf5 Rd8 28. e6 fxe6 29. Qxe6+ Kh8 30. f4 Qd6 31. Qf7 b5 32. f5
Rf8 33. Rxd5 Qxa3 34. Qe6 h6 35. Rd7 Qc3 36. Rf7 Rxf7 37. Qxf7 Qf6 38. Qe8+
Kh7 39. Qe4 a5 40. Qd5 b4 41. Qxa5 b3 42. Qa3 b2 43. Qb3 Qd4 44. f6 Qxf6 45.
Qc2+ g6 46. Qb3 Qg7 47. Qc2 Qf6 48. Qb1 Qf1+ 49. Qxf1 Kg7 50. Qb1 g5 51.
Qxb2+ Kg6 52. Qb3 Kh5 53. Qc2 Kh4 54. Qg6 g4 55. Qxh6+ {Black forfeits on
time} 1-0

[Event "ICC Open 2015"]
[Site "Internet Chess Club"]
[Date "2015.05.30"]
[Round "4"]
[White "chiprodigy"]
[Black "balion"]
[Result "1-0"]
[ICCResult "Black forfeits on time"]
[WhiteElo "1674"]
[BlackElo "1544"]
[Opening "King's gambit"]
[ECO "C30"]
[NIC "KG.05"]
[Time "14:39:44"]
[TimeControl "180+0"]

1. e4 e5 2. f4 d6 3. Bc4 exf4 4. d4 Nf6 5. Nc3 Be7 6. Nf3 O-O 7. O-O c6 8.
Bxf4 Bg4 9. Qe1 Nbd7 10. e5 dxe5 11. dxe5 Bc5+ 12. Kh1 Nh5 13. Bg5 Qc7 14.
e6 Bxe6 15. Bxe6 fxe6 16. Qxe6+ Kh8 17. Rae1 Nhf6 18. Ne4 Rae8 19. Qc4 Nxe4
20. Rxe4 Rxe4 21. Qxe4 Nf6 22. Bxf6 gxf6 23. b4 Bd6 24. Nd4 Be5 25. Ne6 Qf7
26. Nxf8 Qxf8 27. Qxe5 fxe5 28. Rxf8+ Kg7 29. Rb8 b6 30. Rb7+ Kf6 31. Kg1 a5
32. bxa5 bxa5 33. Rb6 Kf5 34. Rxc6 e4 35. Kf2 Kf4 36. g3+ Ke5 37. Ke3 Kd5
38. Ra6 Kc4 39. Rxa5 Kc3 40. Rc5+ Kb2 41. Kxe4 Kxa2 42. Rb5 Ka3 43. Kd4 Ka4
44. Kc4 h5 45. h4 Ka3 46. Rb4 Ka2 47. Rb3 Ka1 48. Kc3 Ka2 49. Rb4
{Black forfeits on time}
1-0

[Event "ICC Open 2015"]
[Site "Internet Chess Club"]
[Date "2015.05.30"]
[Round "4"]
[White "delerio"]
[Black "DeepHmmm"]
[Result "1/2-1/2"]
[ICCResult "Game drawn by repetition"]
[WhiteElo "2572"]
[BlackElo "1757"]
[Opening "QGD: Tarrasch, Prague variation, Normal position"]
[ECO "D34"]
[NIC "TD.04"]
[Time "14:39:56"]
[TimeControl "180+0"]

1. d4 d5 2. c4 e6 3. Nc3 c5 4. cxd5 exd5 5. Nf3 Nc6 6. g3 Nf6 7. Bg2 Be7 8.
O-O O-O 9. dxc5 Bxc5 10. Bg5 d4 11. Bxf6 Qxf6 12. Nd5 Qd8 13. Nd2 Re8 14.
Rc1 Bf8 15. Nb3 Be6 16. Nf4 Qd6 17. Bxc6 bxc6 18. Qxd4 Bxb3 19. Qxd6 Bxd6
20. axb3 Bxf4 21. gxf4 Rxe2 22. Rxc6 Rxb2 23. Rc3 Rb8 24. Ra1 R2xb3 25. Rxb3
Rxb3 26. Rxa7 g6 27. Kg2 h5 28. f5 gxf5 29. Ra5 Kg7 30. Rxf5 Kg6 31. Ra5 f6
32. h4 Rc3 33. f3 Rb3 34. Kg3 Rc3 35. Ra8 Rb3 36. Rg8+ Kf7 37. Rh8 Kg6 38.
Re8 Ra3 39. Kf4 Ra4+ 40. Re4 Ra1 41. Re2 Ra4+ 42. Kg3 Rb4 43. Ra2 Rc4 44.
Ra3 Rb4 45. Ra8 Rc4 46. Rg8+ Kf7 47. Ra8 Rb4 48. Ra3 Kg6 49. Re3 Rc4 50. Re4
Rc1 51. Kf4 Rh1 52. Ke3 Kf5 53. Rf4+ Kg6 54. Kd4 Re1 55. Kd5 Re5+ 56. Kd6
Re3 57. Kd5 Re1 58. Re4 Rf1 59. f4 Kf5 60. Ra4 Rxf4 61. Ra5 Rxh4 62. Kd6+
Kg4 63. Ke6 f5 64. Rxf5 Rh1 65. Ke5 Re1+ 66. Kf6 h4 67. Rg5+ Kf3 68. Kf5 h3
69. Rh5 Kg3 70. Rg5+ Kh4 71. Rg4+ Kh5 72. Rg8 Rf1+ 73. Ke4 Rf7 74. Ke3 Kh4
75. Ke2 h2 76. Rh8+ Kg3 77. Rg8+ Kh3 78. Rh8+ Kg2 79. Rg8+ Kh1 80. Ke1 Rf6
81. Ke2 Rf5 82. Rg7 Rf6 83. Rg8 Rf5 84. Rg7 Rf6 85. Rg8 Rf5 86. Rg7 Rf6 87.
Rg8 Rf5 88. Rg7 Rf6 {Game drawn by repetition} 1/2-1/2

[Event "ICC Open 2015"]
[Site "Internet Chess Club"]
[Date "2015.05.30"]
[Round "4"]
[White "gauss"]
[Black "Cinzento"]
[Result "1-0"]
[ICCResult "Black forfeits on time"]
[WhiteElo "2038"]
[BlackElo "1737"]
[Opening "King's Indian: orthodox, Aronin-Taimanov, Benkö attack"]
[ECO "E99"]
[NIC "KI.02"]
[Time "14:40:19"]
[TimeControl "180+0"]

1. d4 Nf6 2. c4 g6 3. Nc3 Bg7 4. e4 O-O 5. Be2 d6 6. Nf3 Nc6 7. O-O e5 8. d5
Ne7 9. Ne1 Nd7 10. f3 f5 11. g4 fxg4 12. fxg4 Rxf1+ 13. Kxf1 Nc5 14. Nd3
Nxd3 15. Qxd3 Qf8+ 16. Kg1 Bh6 17. g5 Bg7 18. Be3 h5 19. c5 Kh7 20. Nb5 Qd8
21. cxd6 cxd6 22. Qa3 Bf8 23. Rc1 Bg4 24. Bxg4 hxg4 25. Qd3 a6 26. Na3 Rc8
27. Rc3 Qa5 28. Rxc8 Qe1+ 29. Kg2 Nxc8 30. Bf2 Qb4 31. Qe2 Be7 32. Qxg4 Qxb2
33. Qxc8 Qxa3 34. Qe6 Bf8 35. Qf7+ Bg7 36. h4 Qd3 37. Qf3 Qc2 38. h5
{Black forfeits on time}
1-0

[Event "ICC Open 2015"]
[Site "Internet Chess Club"]
[Date "2015.05.30"]
[Round "4"]
[White "Chaos23"]
[Black "blackending"]
[Result "1-0"]
[ICCResult "Black resigns"]
[WhiteElo "2027"]
[BlackElo "1707"]
[Opening "King's Indian: fianchetto, classical variation, 8.e4"]
[ECO "E68"]
[NIC "KI.64"]
[Time "14:40:21"]
[TimeControl "180+0"]

1. Nf3 Nf6 2. g3 g6 3. Bg2 Bg7 4. O-O O-O 5. c4 d6 6. Nc3 Nbd7 7. e4 e5 8.
d4 exd4 9. Nxd4 a5 10. Re1 Nc5 11. h3 Re8 12. Kh2 c6 13. b3 Qc7 14. Bb2 Bd7
15. a3 Rad8 16. b4 axb4 17. axb4 Ne6 18. Nb3 Bc8 19. Qd3 d5 20. cxd5 cxd5
21. e5 Nh5 22. Nxd5 Rxd5 23. Qxd5 b6 24. Ra8 Rd8 25. Qe4 Bd7 26. Rc1 Rxa8
27. Rxc7 Nxc7 28. Qd3 Rd8 29. Qd6 Ne6 30. Qxb6 Ng5 31. Qxd8+ {Black resigns}
1-0

[Event "ICC Open 2015"]
[Site "Internet Chess Club"]
[Date "2015.05.30"]
[Round "4"]
[White "PajoPatak"]
[Black "capaldi"]
[Result "1-0"]
[ICCResult "Black forfeits on time"]
[WhiteElo "1612"]
[BlackElo "1803"]
[Opening "Sicilian: closed"]
[ECO "B23"]
[NIC "SI.44"]
[Time "14:39:58"]
[TimeControl "180+0"]

1. e4 c5 2. Nc3 a6 3. f4 g6 4. g3 Bg7 5. Bg2 e6 6. Nf3 Ne7 7. d3 O-O 8. O-O
Nbc6 9. Kh1 d6 10. Qe1 f5 11. exf5 Nxf5 12. Ng5 Qe8 13. Nce4 Ncd4 14. Rf2 h6
15. Nf3 Qe7 16. c3 Nc6 17. Be3 Bd7 18. Rf1 b6 19. Bg1 d5 20. Ned2 Nd6 21.
Ne5 Nxe5 22. fxe5 Nf5 23. Qe2 Bc6 24. d4 c4 25. Rf4 g5 26. Rf2 Be8 27. Raf1
Bg6 28. b3 b5 29. bxc4 bxc4 30. Nxc4 dxc4 31. Qxc4 Rac8 32. Qxa6 Ne3 33.
Rxf8+ Rxf8 34. Rxf8+ Bxf8 35. Bxe3 Bg7 36. d5 Bxe5 37. Qxe6+ Qxe6 38. dxe6
Kf8 39. c4 Ke7 40. Bd5 Bf5 41. Bc5+ {Black forfeits on time} 1-0

[Event "ICC Open 2015"]
[Site "Internet Chess Club"]
[Date "2015.05.30"]
[Round "4"]
[White "EREBUNI"]
[Black "ibarra"]
[Result "1-0"]
[ICCResult "Black checkmated"]
[WhiteElo "3064"]
[BlackElo "2732"]
[Opening "Philidor: exchange variation"]
[ECO "C41"]
[NIC "KP.08"]
[Time "14:39:31"]
[TimeControl "180+0"]

1. e4 e5 2. Nf3 d6 3. d4 exd4 4. Nxd4 Nf6 5. Nc3 Be7 6. g3 d5 7. e5 Ng4 8.
e6 Nf6 9. exf7+ Kxf7 10. Bg2 Re8 11. O-O c6 12. Bf4 Kg8 13. Re1 Na6 14. Qd2
Nc7 15. a3 Bd6 16. Rxe8+ Ncxe8 17. Re1 Bxf4 18. Qxf4 Nd6 19. Na4 Nf7 20. Nc5
Qd6 21. Qxd6 Nxd6 22. Re7 Kf8 23. Rc7 Nfe8 24. Nce6+ Bxe6 25. Nxe6+ Kg8 26.
Rd7 g6 27. Bh3 Rb8 28. Ng5 Nf5 29. Bxf5 gxf5 30. Nxh7 a5 31. h4 b5 32. Re7
Ng7 33. Nf6+ Kf8 34. Ra7 Rd8 35. Nd7+ Kg8 36. Ne5 c5 37. Rxa5 Rb8 38. Nc6
Rb6 39. Ne7+ Kf7 40. Nxd5 Rd6 41. Ne3 Rb6 42. Ra7+ Kg6 43. Nd5 Rd6 44. Nf4+
Kh6 45. Rb7 b4 46. axb4 cxb4 47. Rxb4 Rd1+ 48. Kg2 Rd6 49. c4 Ne8 50. c5 Rd2
51. Rb6+ Kg7 52. Ne6+ Kf7 53. Nf4 Rc2 54. b4 Nf6 55. Rb7+ Ke8 56. Rb6 Ne4
57. Re6+ Kd7 58. Rxe4 fxe4 59. h5 e3 60. Kf1 Rxf2+ 61. Ke1 Rh2 62. b5 Kc7
63. b6+ Kc6 64. g4 Rh1+ 65. Ke2 Rg1 66. Kf3 Rxg4 67. Kxg4 e2 68. Nxe2 Kxc5
69. h6 Kxb6 70. h7 Kc5 71. h8=Q Kc4 72. Qh5 Kd3 73. Ng3 Kd2 74. Qf5 Ke1 75.
Nh5 Kd2 76. Qf3 Kc2 77. Kf4 Kb1 78. Ke4 Kc1 79. Qf2 Kb1 80. Kd3 Kc1 81. Qd2+
Kb1 82. Kc3 Ka1 83. Qb2# {Black checkmated} 1-0

[Event "ICC Open 2015"]
[Site "Internet Chess Club"]
[Date "2015.05.30"]
[Round "4"]
[White "littlecaesar"]
[Black "ILYMJPDL"]
[Result "1-0"]
[ICCResult "Black resigns"]
[WhiteElo "2505"]
[BlackElo "1986"]
[Opening "Réti: Nimzovich-Larsen attack"]
[ECO "A06"]
[NIC "QP.09"]
[Time "14:40:38"]
[TimeControl "180+0"]

1. Nf3 d5 2. b3 Nf6 3. Bb2 Bg4 4. e3 Nbd7 5. Be2 e6 6. h3 Bh5 7. O-O Bd6 8.
c4 dxc4 9. Bxc4 O-O 10. d3 Ne5 11. Nbd2 Nxc4 12. Nxc4 Qe7 13. e4 e5 14. g4
Bg6 15. Ncxe5 Nd7 16. Nc4 Rae8 17. e5 Bc5 18. d4 Bb6 19. Ba3 c5 20. Rc1 Rc8
21. Nd6 Rc7 22. Re1 f5 23. dxc5 fxg4 24. cxb6 Rxc1 25. Qxc1 gxf3 26. bxa7
Qh4 27. Qc4+ Qxc4 28. bxc4 Nb6 29. Nxb7 Rf7 30. c5 Na8 31. c6 Bf5 32. e6 Re7
33. Bxe7 {Black resigns} 1-0

[Event "ICC Open 2015"]
[Site "Internet Chess Club"]
[Date "2015.05.30"]
[Round "4"]
[White "born2die"]
[Black "QuieroAprender"]
[Result "0-1"]
[ICCResult "White resigns"]
[WhiteElo "1604"]
[BlackElo "1371"]
[Opening "KGA: Abbazia defense (classical defense, modern defense[!])"]
[ECO "C36"]
[NIC "KG.02"]
[Time "14:38:50"]
[TimeControl "180+0"]

1. e4 e5 2. f4 exf4 3. Nf3 d5 4. e5 Bg4 5. d4 Bxf3 6. Qxf3 Qh4+ 7. Kd1 c6 8.
Bxf4 g5 9. Bg3 Qxd4+ 10. Nd2 Qxb2 11. Rb1 Qxa2 12. Rxb7 Ne7 13. e6 f5 14.
Qh5+ Ng6 15. Bxb8 Qa1+ 16. Rb1 Qd4 17. Qxg5 Bg7 18. Bd3 O-O 19. e7 Rfxb8 20.
Rxb8+ Rxb8 21. Re1 Qa1+ 22. Ke2 Qe5+ 23. Kf2 Qd4+ 24. Kf1 Re8 25. Nf3 Qf6
26. Qh5 Rxe7 27. Rxe7 Qxe7 28. Bxf5 Qb4 29. Ng5 Qb5+ 30. Bd3 Qb1+ 31. Ke2
Nf4+ {White resigns} 0-1

[Event "ICC Open 2015"]
[Site "Internet Chess Club"]
[Date "2015.05.30"]
[Round "4"]
[White "JW"]
[Black "RLH2"]
[Result "1-0"]
[ICCResult "Black resigns"]
[WhiteElo "2550"]
[BlackElo "2808"]
[Opening "Robatsch (modern) defense"]
[ECO "B06"]
[NIC "KF.05"]
[Time "14:40:19"]
[TimeControl "180+0"]

1. e4 g6 2. d4 Bg7 3. Nf3 d6 4. Bc4 c6 5. Bb3 d5 6. Nc3 dxe4 7. Nxe4 Nf6 8.
Nxf6+ Bxf6 9. Bh6 Bg4 10. h3 Qa5+ 11. c3 Qh5 12. Be3 Bxf3 13. gxf3 Nd7 14.
Qe2 Nb6 15. h4 O-O 16. f4 Qxe2+ 17. Kxe2 e6 18. h5 a5 19. a4 Nd5 20. Rh3 Ra6
21. Kd3 Rb8 22. Kc2 Rd8 23. Bc4 Raa8 24. Bd3 Rdb8 25. Rah1 b5 26. axb5 cxb5
27. Rg1 a4 28. f5 exf5 29. Bxf5 b4 30. Be4 Ra5 31. Rf3 Bg7 32. hxg6 hxg6 33.
c4 b3+ 34. Kb1 Nb4 35. Rh3 a3 36. bxa3 Rxa3 37. Kb2 Ra7 38. c5 Nc2 39. Bxc2
Ra2+ 40. Kb1 Rxc2 41. Rc1 Ra2 42. c6 Rc8 43. Rc3 Rc2 44. Rxc2 bxc2+ 45. Kxc2
Rxc6+ 46. Kd3 Rf6 47. Rh1 Re6 48. Rb1 Re8 49. Rb7 f5 50. d5 Rd8 51. Kc4 Be5
52. Bc5 Rb8 53. Rxb8+ Bxb8 54. d6 Kf7 55. Kd5 Bxd6 56. Bxd6 g5 57. Ke5 Kg6
58. Be7 f4 59. f3 Kh5 60. Kf5 g4 61. fxg4+ Kh6 62. Kxf4 Kg7 63. g5 Kf7 64.
Kf5 {Black resigns} 1-0

[Event "ICC Open 2015"]
[Site "Internet Chess Club"]
[Date "2015.05.30"]
[Round "4"]
[White "chessassassin"]
[Black "fviana"]
[Result "0-1"]
[ICCResult "White checkmated"]
[WhiteElo "1909"]
[BlackElo "2317"]
[Opening "Catalan: closed"]
[ECO "E01"]
[NIC "CA.01"]
[Time "14:40:16"]
[TimeControl "180+0"]

1. d4 Nf6 2. c4 e6 3. g3 d5 4. Bg2 Bb4+ 5. Bd2 Be7 6. Nf3 O-O 7. O-O c6 8.
Qc2 Nbd7 9. b3 b6 10. Bc3 Bb7 11. Nbd2 Rc8 12. e4 dxe4 13. Nxe4 c5 14. Nxf6+
Nxf6 15. Rad1 Qc7 16. Rfe1 Rfd8 17. dxc5 bxc5 18. Ne5 Bxg2 19. Kxg2 Qb7+ 20.
Kg1 h6 21. Qe2 Bf8 22. Ng4 Nxg4 23. Qxg4 a6 24. h4 Qc7 25. Qe2 Rxd1 26. Rxd1
Rd8 27. Rxd8 Qxd8 28. Qd2 Qc7 29. f4 Qc6 30. Qd3 f5 31. Be5 Kf7 32. h5 Be7
33. a4 Qb7 34. Kh2 Qc6 35. Kg1 Qc8 36. Kh2 Qe8 37. Kg1 Kg8 38. Qd1 Qc6 39.
Qd3 Bf8 40. Kh2 Qe8 41. Qd1 Kh7 42. Kg1 Qc6 43. Qd3 Kg8 44. Kh2 Kf7 45. Kg1
Qa8 46. Kh2 Qc8 47. Kg1 Be7 48. Kh2 Bf6 49. Bxf6 Kxf6 50. Qc3+ Kf7 51. Qd3
Qc6 52. Kg1 Ke7 53. Kh2 Qd6 54. Qxd6+ Kxd6 55. Kg2 e5 56. Kf3 e4+ 57. Ke3 a5
58. Ke2 Ke6 59. Ke3 g6 60. hxg6 Kf6 61. g4 fxg4 62. Kxe4 Kxg6 63. Ke3 Kf5
64. Ke2 Kxf4 65. Kf2 h5 66. Kg2 h4 67. Kf2 h3 68. Kg1 g3 69. Kh1 Kf3 70. b4
Kf2 71. bxc5 g2+ 72. Kh2 g1=Q+ 73. Kxh3 Qg3# {White checkmated} 0-1

[Event "ICC Open 2015"]
[Site "Internet Chess Club"]
[Date "2015.05.30"]
[Round "4"]
[White "raanan"]
[Black "ClockWatcher"]
[Result "0-1"]
[ICCResult "White forfeits on time"]
[WhiteElo "1262"]
[BlackElo "1845"]
[Opening "Sicilian: Labourdonnais-Löwenthal (Kalashnikov) variation"]
[ECO "B32"]
[NIC "SI.32"]
[Time "14:39:42"]
[TimeControl "180+0"]

1. e4 c5 2. Nf3 Nc6 3. d4 cxd4 4. Nxd4 e5 5. Nb5 d6 6. N1c3 a6 7. Na3 Be7 8.
Be3 Nf6 9. Be2 O-O 10. O-O b5 11. Nd5 Be6 12. Nxe7+ Qxe7 13. f3 Rfd8 14. c4
bxc4 15. Nxc4 d5 16. Nb6 Rab8 17. Qa4 Nd4 18. Bxd4 exd4 19. Nxd5 Nxd5 20.
exd5 Bxd5 21. Bxa6 Rxb2 22. Qxd4 Rb5 23. Bxb5 Be6 24. Qb6 h6 25. Rad1 Rf8
26. Rd2 Qg5 27. Qc7 Qxd2 28. Ba4 Qd4+ 29. Kh1 Qxa4 30. Qg3 Qxa2 31. Qe1 Qd5
{White forfeits on time}
0-1

[Event "ICC Open 2015"]
[Site "Internet Chess Club"]
[Date "2015.05.30"]
[Round "4"]
[White "Schurick"]
[Black "Bartof"]
[Result "1/2-1/2"]
[ICCResult "White ran out of time and Black has no material to mate"]
[WhiteElo "2370"]
[BlackElo "1951"]
[Opening "Réti opening"]
[ECO "A04"]
[NIC "QP.10"]
[Time "14:39:57"]
[TimeControl "180+0"]

1. Nf3 c5 2. g3 Nf6 3. Bg2 Nc6 4. d3 g6 5. O-O Bg7 6. c3 O-O 7. Qa4 d6 8.
Qh4 Qd7 9. h3 h5 10. Ng5 e5 11. e4 b5 12. f4 exf4 13. gxf4 Bb7 14. Nd2 d5
15. e5 Nh7 16. Nxh7 Kxh7 17. Nb3 c4 18. Nc5 Qc7 19. d4 Ne7 20. Nxb7 Qxb7 21.
f5 Nxf5 22. Rxf5 gxf5 23. Qxh5+ Kg8 24. Bf4 Rad8 25. Rf1 Qb6 26. Rf3 Qg6 27.
Qh4 Qh7 28. Qe7 Rfe8 29. Qb7 Qh4 30. Bg3 Qe4 31. Rf4 Qb1+ 32. Kh2 Re6 33.
Rxf5 Qxf5 34. Bxd5 Rg6 35. Be4 Qg5 36. Bxg6 Qxg6 37. Qxb5 Qc2+ 38. Kg1 Bh6
39. Qxc4 Be3+ 40. Kf1 Re8 41. Qe2 Qc1+ 42. Kg2 Re6 43. Kf3 Bh6 44. Qe4 Qd1+
45. Kg2 Rg6 46. h4 Qd2+ 47. Kh3 Qd1 48. Kg2 Bg7 49. h5 Qxh5 50. d5 Qg4 51.
Qxg4 Rxg4 52. Kf3 Bxe5 53. Kxg4 Bxc3 54. bxc3 Kf8 55. Kf5 Ke8 56. d6 Kd7 57.
Kf6 a6 58. Kxf7 a5 59. Kf6 a4 60. Ke5 Kc6 61. Ke6 Kb5 62. d7 Kc4 63. d8=Q
Kxc3 64. Qa5+ Kc2 65. Qxa4+ Kb1
{White ran out of time and Black has no material to mate}
1/2-1/2

[Event "ICC Open 2015"]
[Site "Internet Chess Club"]
[Date "2015.05.30"]
[Round "4"]
[White "BlueJ"]
[Black "MWeston"]
[Result "0-1"]
[ICCResult "White forfeits on time"]
[WhiteElo "2173"]
[BlackElo "2692"]
[Opening "Nimzo-Indian: Reshevsky variation"]
[ECO "E46"]
[NIC "NI.10"]
[Time "14:40:21"]
[TimeControl "180+0"]

1. d4 e6 2. c4 Nf6 3. Nc3 Bb4 4. e3 O-O 5. Ne2 d5 6. a3 Be7 7. cxd5 exd5 8.
Nf4 c6 9. Bd3 Re8 10. O-O a5 11. f3 Bf8 12. Bc2 Na6 13. e4 dxe4 14. fxe4 Bg4
15. Qd2 b5 16. h3 Be6 17. Nxe6 Rxe6 18. e5 Nd5 19. Ne4 h6 20. Qf2 Qd7 21.
Qf5 g6 22. Qg4 c5 23. dxc5 Nxc5 24. Nxc5 Bxc5+ 25. Kh1 Be3 26. Bf5 h5 27.
Bxe6 Qxe6 28. Qxe6 fxe6 29. Bxe3 Nxe3 30. Rf6 Re8 31. Rxg6+ Kh7 32. Rf6 Nc4
33. Rc1 Re7 34. b3 Nxe5 35. Rc8 Kg7 36. Rff8 Ng6 37. Rg8+ Kf7 38. Rb8 a4 39.
bxa4 bxa4 40. Ra8 Rd7 41. Rgc8 Rd1+ 42. Kh2 Rd2 43. Rxa4 Kf6 44. Re4 Kf5 45.
Re1 Nf4 46. Rf8+ Kg5 47. Re5+ Kg6 48. Rxf4 Rd6 49. a4 Ra6 50. a5 Rc6 51. h4
Rd6 52. Re3 Rd5 53. Rg3+ Kh6 54. Rf8 Kh7 55. Rf7+ Kh6 56. Rg5 Rd4 57. Rfg7
Rxh4+ 58. Kg3 Rg4+ 59. Rxg4 hxg4 {White forfeits on time} 0-1

[Event "ICC Open 2015"]
[Site "Internet Chess Club"]
[Date "2015.05.30"]
[Round "4"]
[White "Art"]
[Black "Pantani"]
[Result "0-1"]
[ICCResult "White forfeits on time"]
[WhiteElo "2309"]
[BlackElo "2999"]
[Opening "Sicilian: Alapin's variation (2.c3)"]
[ECO "B22"]
[NIC "SI.47"]
[Time "14:40:05"]
[TimeControl "180+0"]

1. e4 c5 2. c3 Nf6 3. e5 Nd5 4. d4 cxd4 5. Nf3 d6 6. Bc4 e6 7. cxd4 Nb6 8.
Bb3 dxe5 9. Nxe5 Nc6 10. Nf3 Be7 11. O-O Bf6 12. Be3 Na5 13. Nc3 Nxb3 14.
Qxb3 O-O 15. Rfd1 Nd5 16. Nxd5 exd5 17. Ne5 Qb6 18. Qxb6 axb6 19. a3 Be6 20.
Rac1 Rfc8 21. f3 Be7 22. g4 f6 23. Nd3 g5 24. h3 Rc4 25. Re1 Kf7 26. Re2
Rxc1+ 27. Bxc1 Rc8 28. Kf1 Bd7 29. Re3 Bb5 30. Bd2 Rc2 31. Ke1 Bxd3 32. Rxd3
Rxb2 33. Kd1 Ra2 34. Rb3 Rxa3 35. Rxb6 Rxf3 36. Rxb7 Ke6 37. Rb6+ Kd7 38.
Rb7+ Ke6 39. Rb6+ Kf7 40. Rb7 Rxh3 41. Bb4 Re3 42. Kd2 Re4 43. Kd3 Ke8 44.
Rb8+ Kd7 45. Rb7+ Kd8 46. Bxe7+ Rxe7 47. Rb6 Re4 48. Rxf6 Rxg4 49. Rd6+ Ke7
50. Rxd5 h5 51. Re5+ Kf6 52. Ke3 h4 53. Re8 Rg3+ 54. Kf2 Rd3 55. Rh8 Kf5 56.
Rf8+ Kg4 57. Rd8 h3 58. d5 Rd2+ 59. Ke1 h2 {White forfeits on time} 0-1

[Event "ICC Open 2015"]
[Site "Internet Chess Club"]
[Date "2015.05.30"]
[Round "4"]
[White "Ricardov"]
[Black "RichardZ"]
[Result "1-0"]
[ICCResult "Black forfeits on time"]
[WhiteElo "2323"]
[BlackElo "1473"]
[Opening "Queen's pawn, Mason variation"]
[ECO "D00"]
[NIC "QP.08"]
[Time "14:40:10"]
[TimeControl "180+0"]

1. d4 d5 2. Bf4 Nf6 3. e3 Bf5 4. c4 e6 5. Nc3 Bb4 6. Qb3 Bxc3+ 7. bxc3 b6 8.
Nf3 O-O 9. Nd2 Nc6 10. cxd5 exd5 11. c4 Na5 12. Qc3 dxc4 13. Nxc4 Nd5 14.
Qd2 Nxf4 15. Nxa5 bxa5 16. exf4 Re8+ 17. Be2 Qe7 18. Kf1 Rad8 19. Re1 Qb4
20. Rd1 c5 21. Qxb4 cxb4 22. d5 a4 23. Bc4 Bc2 24. Re1 b3 25. axb3 axb3 26.
f3 b2 27. Ba2 Rxe1+ 28. Kxe1 b1=Q+ 29. Bxb1 Bxb1 30. Kf2 Bd3 31. Ra1 a6 32.
Ra5 f6 33. Ke3 Bb5 34. Kd4 Kf7 35. Kc5 Ke7 36. Ra1 Kd7 37. Re1 Rc8+ 38. Kd4
Re8 39. Rc1 Kd6 40. Ra1 Rc8 41. g4 Rc5 42. Ke3 Rxd5 43. Kf2 Rd4 44. Kg3 Ra4
45. Rd1+ Kc5 46. Rg1 Rc4 47. h4 a5 48. g5 a4 49. g6 h6 50. f5 a3 51. h5 a2
52. Re1 {Black forfeits on time} 1-0

[Event "ICC Open 2015"]
[Site "Internet Chess Club"]
[Date "2015.05.30"]
[Round "4"]
[White "Nightlife"]
[Black "Favarin"]
[Result "0-1"]
[ICCResult "White forfeits on time"]
[WhiteElo "1697"]
[BlackElo "1943"]
[Opening "Caro-Kann: two knights, 3...Bg4"]
[ECO "B11"]
[NIC "CK.01"]
[Time "14:39:23"]
[TimeControl "180+0"]

1. e4 c6 2. Nc3 d5 3. Nf3 Bg4 4. h3 Bh5 5. g4 Bg6 6. exd5 cxd5 7. Bb5+ Nc6
8. Qe2 e6 9. Ne5 Qc7 10. d4 a6 11. Bf4 Bd6 12. Nxd5 Qa5+ 13. Bd2 Qxb5 14. c4
Nxd4 15. cxb5 Nxe2 16. Nxg6 hxg6 17. Nb6 Rd8 18. Kxe2 axb5 19. a4 Bc5 20. a5
Nf6 21. Bf4 O-O 22. Bc7 Rd4 23. Rac1 Bb4 24. Kf3 Bxa5 25. Rhd1 Rxd1 26. Rxd1
Bxb6 27. Bxb6 Nd5 28. Bd4 Rc8 29. Ra1 Rc2 30. Ra8+ Kh7 31. Rb8 Rc7 32. Be5
Rd7 33. Rf8 f6 34. Bd4 e5 35. Bc5 Nc7 36. b4 Ne6 37. Rc8 Nd4+ 38. Kg2 Nc2
39. h4 Ne1+ 40. Kf1 Nd3 41. h5 Nf4 42. hxg6+ Kxg6 43. Rg8 Ne6 44. f3 Nxc5
45. bxc5 Rc7 46. Kf2 Rxc5 47. Kg3 Rc7 48. Kh4 Kf7 49. g5 b4 50. Kh5 Kxg8 51.
g6 Rc4 52. f4 b3 {White forfeits on time} 0-1

[Event "ICC Open 2015"]
[Site "Internet Chess Club"]
[Date "2015.05.30"]
[Round "4"]
[White "HardAsfalt"]
[Black "Babaliyev"]
[Result "0-1"]
[ICCResult "White forfeits on time"]
[WhiteElo "1697"]
[BlackElo "1977"]
[Opening "Sicilian"]
[ECO "B50"]
[NIC "SI.01"]
[Time "14:40:54"]
[TimeControl "180+0"]

1. e4 c5 2. Nf3 d6 3. c3 e5 4. Bc4 Be6 5. Bb5+ Bd7 6. Bc4 h6 7. d3 Nf6 8.
Be3 Be7 9. O-O O-O 10. Nbd2 Nc6 11. Nh4 Na5 12. Ng6 Nxc4 13. Nxe7+ Qxe7 14.
Nxc4 b5 15. Nd2 a5 16. f4 exf4 17. Bxf4 b4 18. Nc4 Ra6 19. cxb4 axb4 20. b3
Be6 21. e5 dxe5 22. Bxe5 Bxc4 23. dxc4 Qxe5 24. Qf3 Re6 25. Rae1 Qxe1 26.
Rxe1 Rxe1+ 27. Kf2 Rfe8 28. Qb7 R1e2+ 29. Kg3 Rxa2 30. Kh3 Re3+ 31. g3 Ree2
32. g4 Rxh2+ 33. Kg3 Rhb2 34. g5 Rxb3+ 35. Kf4 hxg5+ 36. Kxg5 Nh7+ 37. Kh5
Nf8 38. Qc8 Rg3 39. Kh4 Rg6 40. Kh3 Ra3+ 41. Kh4 Ra1 42. Qb7 b3 43. Kh5 b2
{White forfeits on time}
0-1

[Event "ICC Open 2015"]
[Site "Internet Chess Club"]
[Date "2015.05.30"]
[Round "4"]
[White "DDT3000"]
[Black "burbur"]
[Result "0-1"]
[ICCResult "White forfeits on time"]
[WhiteElo "2118"]
[BlackElo "2562"]
[Opening "French: Schlechter variation"]
[ECO "C01"]
[NIC "FR.01"]
[Time "14:40:39"]
[TimeControl "180+0"]

1. e4 e6 2. d4 d5 3. Bd3 dxe4 4. Bxe4 Nf6 5. Bf3 Be7 6. Ne2 O-O 7. O-O Nbd7
8. b3 Re8 9. Bb2 Nf8 10. c4 Ng6 11. g3 c6 12. Nbc3 Qc7 13. Qc2 b6 14. Rad1
Bb7 15. Bg2 Rad8 16. Rfe1 c5 17. Nb5 Qb8 18. dxc5 Bxg2 19. Kxg2 bxc5 20. Kg1
Qb7 21. Rxd8 Rxd8 22. Rd1 Rxd1+ 23. Qxd1 h5 24. Qd3 Ng4 25. h3 N4e5 26. Qe3
Nf3+ 27. Kf1 h4 28. Nf4 Nxf4 29. Qxf4 hxg3 30. fxg3 Ng5 31. Qe5 Bf6 32. Qe3
Qh1+ 33. Kf2 Nxh3+ 34. Ke2 Qg2+ 35. Kd3 Qxb2 36. Qf3 Ng5 37. Qa8+ Kh7 38.
Qh1+ Kg6 39. g4 Be5 40. Qh5+ Kf6 41. Nc7 Bxc7 {White forfeits on time} 0-1

[Event "ICC Open 2015"]
[Site "Internet Chess Club"]
[Date "2015.05.30"]
[Round "4"]
[White "TudoracheM"]
[Black "gmgattass"]
[Result "0-1"]
[ICCResult "White forfeits on time"]
[WhiteElo "1829"]
[BlackElo "2332"]
[Opening "French: Tarrasch, closed variation, main line"]
[ECO "C06"]
[NIC "FR.17"]
[Time "14:40:02"]
[TimeControl "180+0"]

1. e4 e6 2. d4 d5 3. Nd2 Nf6 4. e5 Nfd7 5. Bd3 c5 6. c3 Nc6 7. Ne2 cxd4 8.
cxd4 f6 9. exf6 Nxf6 10. Nf1 Bd6 11. h3 O-O 12. Be3 Qa5+ 13. Qd2 Bb4 14. Nc3
e5 15. dxe5 d4 16. Bxd4 Nxd4 17. exf6 Re8+ 18. Ne3 gxf6 19. O-O Be6 20. Bc4
Rad8 21. Bxe6+ Nxe6 22. Qc2 Nd4 23. Qb1 Qg5 24. Kh1 Rd7 25. a3 Bd6 26. Ne4
Qe5 27. Nxd6 Qxd6 28. Qd3 Red8 29. Rad1 Qb6 30. Qe4 Qc5 31. Rc1 Qg5 32. Qg4
Qxg4 33. Nxg4 Ne2 34. Nxf6+ Kf7 35. Nxd7 Nxc1 36. Ne5+ Ke6 37. Rxc1 Kxe5 38.
Re1+ Kf6 39. Re2 Rd1+ 40. Kh2 Rd7 41. Rc2 Re7 42. g3 Kf5 43. Kg2 h6 44. Rc5+
Kf6 45. Rc3 Rd7 46. Kf3 Ke6 47. b4 a6 48. Re3+ Kf6 49. g4 Rd4 50. h4 Kf7 51.
Kg3 Rc4 52. f4 Kf6 53. g5+ hxg5 54. hxg5+ Kf7 55. Kg4 Rc1 56. Kf5 Rc6 57.
Re5 Kf8 58. Rd5 Ke7 59. g6 Rf6+ 60. Kg5 Rf8 61. f5 Rc8 62. Re5+ Kd6 63. Re6+
Kd5 64. Kf6 Rf8+ 65. Ke7 Rxf5 66. Rd6+ Ke5 67. Rd7 Rg5 68. Kd8 Rxg6 69. Rxb7
a5 {White forfeits on time} 0-1